 Dungeon Crawl Stone Soup version 0.28-a0-1142-gc8569940dd (webtiles) character file.

Game seed: 4078468250299245520

1703 LadyOphelia the Chopper (level 9, -1/73 HPs)
             Began as a Gnoll Cinder Acolyte on Dec 13, 2021.
             Was an Initiate of Ignis.
             Slain by a gnoll (2 damage)
             ... on level 5 of the Dungeon.
             The game lasted 00:17:43 (4876 turns).

LadyOphelia the Chopper (Gnoll Cinder Acolyte)      Turns: 4876, Time: 00:17:44

Health: -1/73      AC:  7    Str: 17    XL:     9   Next: 3%
Magic:  16/16      EV: 12    Int: 15    God:    Ignis [......]
Gold:   251        SH:  0    Dex:  7    Spells: 15/17 levels left

rFire   + . .      SeeInvis .   a - +0 hand axe (flame)
rCold   . . .      Faith    .   (no shield)
rNeg    . . .      Spirit   .   b - +2 robe
rPois   .          Reflect  .   (no helmet)
rElec   .          Harm     .   u - scarf {repulsion}
rCorr   .          Rampage  .   m - +2 pair of gloves
Will    .....                   (no boots)
Stlth   ++........              f - amulet of regeneration
HPRegen 1.02/turn               (no ring)
MPRegen 0.15/turn               (no ring)

@: lethally poisoned (-1 -> -3), invisible, repel missiles
A: fangs 1, strong nose, distributed training
a: Renounce Religion, Rising Flame


You were on level 5 of the Dungeon.
You worshipped Ignis.
Ignis was noncommittal.
You visited 1 branch of the dungeon, and saw 5 of its levels.

You collected 251 gold pieces.

Inventory:

Hand Weapons
 a - a +0 hand axe of flaming (weapon)
 p - a +1 whip of venom
Missiles
 z - a throwing net (quivered)
Armour
 b - a +2 robe (worn)
 m - a +2 pair of gloves (worn)
 u - a scarf of repulsion (worn)
Jewellery
 f - an amulet of regeneration (around neck)
 i - an amulet of magic regeneration
Wands
 v - a wand of paralysis (5)
 A - a wand of acid (7)
Scrolls
 c - 2 scrolls of blinking
 o - a scroll of enchant armour
 q - a scroll of holy word {unknown}
 s - a scroll of identify
 t - a scroll of vulnerability {unknown}
 w - 4 scrolls of teleportation {unknown}
 y - a scroll of noise {unknown}
Potions
 e - a potion of brilliance {unknown}
 g - 3 potions of cancellation
 h - 2 potions of curing {unknown}
 j - 2 potions of berserk rage
 l - 2 potions of might {unknown}
 n - 2 potions of resistance {unknown}
 r - a potion of lignification {unknown}
 x - a potion of attraction {unknown}


   Skills:
 + Level 7.6 Fighting
 + Level 3.8 Short Blades
 + Level 3.8 Long Blades
 + Level 7.6 Axes
 + Level 3.8 Maces & Flails
 + Level 3.8 Polearms
 + Level 3.8 Staves
 + Level 3.8 Slings
 + Level 3.8 Bows
 + Level 3.8 Crossbows
 + Level 3.8 Throwing
 + Level 3.8 Armour
 + Level 3.8 Dodging
 + Level 3.8 Stealth
 + Level 3.8 Shields
 + Level 3.8 Unarmed Combat
 + Level 4.8 Spellcasting
 + Level 3.1 Conjurations
 + Level 3.1 Hexes
 + Level 3.1 Summonings
 + Level 3.1 Necromancy
 + Level 3.1 Translocations
 + Level 3.1 Transmutations
 + Level 6.3 Fire Magic
 + Level 3.1 Ice Magic
 + Level 3.1 Air Magic
 + Level 3.1 Earth Magic
 + Level 3.1 Poison Magic
 + Level 4.2 Invocations
 + Level 3.8 Evocations


You had 15 spell levels left.
You knew the following spells:

 Your Spells              Type           Power      Damage    Failure   Level
a - Scorch                Fire           44%        2d7       1%          2

Your spell library contained the following spells:

 Spells                   Type           Power      Damage    Failure   Level


Dungeon Overview and Level Annotations

Branches:
Dungeon (5/15)
 Temple: D:4-7

Altars:
Hepliaklqana
Sif Muna
Xom

Shops:
D:1 [


Innate Abilities, Weirdness & Mutations

You have very sharp teeth.
Your uncanny sense of smell can sniff out nearby items.
Your experience applies equally to all skills.


Message History

You feel very sick.
The gnoll hits you with a +1 spear of venom.
You are more poisoned.
You feel much better.
You feel very sick.
The gnoll hits you with a +1 spear of venom.
You are more poisoned.
The gnoll hits you from afar with a +0 spear.
You feel very sick.
The gnoll hits you from afar with a +1 spear of venom.
You feel very sick.
The gnoll hits you with a +1 spear of venom.
* * * LOW HITPOINT WARNING * * *
You are lethally poisoned!
The gnoll hits you but does no damage.
Items here: $ ))))) [ ÷ ††.
Cleave: a) +0 hand axe (flame)
Press: ? - help, Dir - move target, f - gnoll
Aim: a gnoll, wielding a +1 spear of venom (heavily wounded, about 35% to evade your +0 hand axe of flaming)
You barely miss the gnoll.
The gnoll is heavily wounded.
* * * LOW HITPOINT WARNING * * *
You feel very sick. The gnoll misses you.
The gnoll hits you but does no damage.
* * * LOW HITPOINT WARNING * * *
You feel very sick. The gnoll misses you.
* * * LOW HITPOINT WARNING * * *
You feel very sick. The gnoll barely misses you.
There is an open door here.
* * * LOW HITPOINT WARNING * * *
You feel very sick.
* * * LOW HITPOINT WARNING * * *
You feel sick.
You fade into invisibility!
* * * LOW HITPOINT WARNING * * *
You feel very sick.
The gnoll hits you from afar with a +1 spear of venom.
You die...

#....≈≈###'#∆ .'. #....≈≈≈.#.#
..# #.P..≈≈≈.#.# ...#∆ ∆
####....≈≈≈.#.###'##∆
...#....≈≈≈.#......#.
##.#....≈≈≈.#....g.'.
#.#....≈≈≈.#)###################
#.#....≈≈≈.#g#......)....#....#.
#.#....≈≈≈.#.g.@....)....'....).
#.#...P≈≈###'#.........(.#.)).#.
##.#....≈≈#...#############')''##
##.#....≈≈#...#...........)))))..
...#...[≈≈#####≈≈≈≈≈≈≈≈≈≈≈≈))).≈≈
...#....≈≈≈≈≈≈≈≈≈≈≈≈≈≈≈≈≈≈≈.)).≈≈
##)#....≈≈≈≈≈≈≈≈≈≈≈≈≈≈≈≈≈≈≈....≈≈
...#.....P.......................
...#...##..###############.##.###


You could see 2 gnolls.

Vanquished Creatures
  2 black bears
  2 necrophages (D:5)
  2 ogres (D:4)
  A centaur (D:4)
  A gnoll sergeant (D:5)
  A scorpion (D:5)
  A wyvern zombie (D:5)
  2 howler monkeys (D:5)
  A jelly (D:4)
  3 gnoll shamans (D:5)
  2 hounds (D:5)
  A human zombie (D:5)
  An orc priest (D:2)
  A centaur skeleton (D:5)
  3 human skeletons (D:5)
  An iguana (D:4)
  2 orc wizards
  A killer bee zombie (D:5)
  A hound skeleton (D:4)
  18 gnolls
  7 adders
  2 worms
  A dart slug (D:3)
  25 orcs
  9 ball pythons
  6 endoplasms
  7 goblins
  7 hobgoblins
  15 jackals
  7 kobolds
  A quokka (D:3)
  4 frilled lizards
  2 orc skeletons (D:5)
  8 rats
  A spectral hobgoblin (D:5)
149 creatures vanquished.

Vanquished Creatures (others)
  45 foxfires
  2 plants (D:5)
47 creatures vanquished.

Grand Total: 196 creatures vanquished

Notes
Turn   | Place    | Note
-------+----------+-------------------------------------------
     0 | D:1      | LadyOphelia the Gnoll Cinder Acolyte began the quest for
                  | the Orb.
     0 | D:1      | Reached XP level 1. HP: 23/23 MP: 4/4
   414 | D:1      | Reached XP level 2. HP: 22/29 MP: 5/5
   500 | D:1      | Found Ycaps's Armour Boutique.
   618 | D:1      | Found a faded altar of an unknown god.
  1077 | D:1      | Learned a level 2 spell: Scorch
  1410 | D:2      | Reached XP level 3. HP: 16/35 MP: 7/7
  1457 | D:2      | Reached skill level 1 in Invocations
  1475 | D:2      | Reached skill level 1 in Short Blades
  1475 | D:2      | Reached skill level 1 in Long Blades
  1475 | D:2      | Reached skill level 1 in Maces & Flails
  1475 | D:2      | Reached skill level 1 in Polearms
  1475 | D:2      | Reached skill level 1 in Staves
  1475 | D:2      | Reached skill level 1 in Slings
  1475 | D:2      | Reached skill level 1 in Bows
  1475 | D:2      | Reached skill level 1 in Crossbows
  1475 | D:2      | Reached skill level 1 in Throwing
  1475 | D:2      | Reached skill level 1 in Armour
  1475 | D:2      | Reached skill level 1 in Dodging
  1475 | D:2      | Reached skill level 1 in Stealth
  1475 | D:2      | Reached skill level 1 in Shields
  1475 | D:2      | Reached skill level 1 in Unarmed Combat
  1475 | D:2      | Reached skill level 1 in Evocations
  1475 | D:2      | Reached XP level 4. HP: 34/41 MP: 8/8
  1916 | D:3      | Reached skill level 1 in Conjurations
  1916 | D:3      | Reached skill level 1 in Hexes
  1916 | D:3      | Reached skill level 1 in Summonings
  1916 | D:3      | Reached skill level 1 in Necromancy
  1916 | D:3      | Reached skill level 1 in Translocations
  1916 | D:3      | Reached skill level 1 in Transmutations
  1916 | D:3      | Reached skill level 1 in Ice Magic
  1916 | D:3      | Reached skill level 1 in Air Magic
  1916 | D:3      | Reached skill level 1 in Earth Magic
  1916 | D:3      | Reached skill level 1 in Poison Magic
  1989 | D:3      | Reached XP level 5. HP: 39/47 MP: 9/9
  2126 | D:3      | Noticed a black bear
  2143 | D:3      | Killed a black bear
  2144 | D:3      | Reached XP level 6. HP: 31/53 MP: 9/11
  2638 | D:4      | Found a shimmering blue altar of Sif Muna.
  2858 | D:4      | Reached XP level 7. HP: 59/59 MP: 12/12
  3056 | D:4      | Found a shimmering altar of Xom.
  3500 | D:5      | Entered Level 5 of the Dungeon
  3567 | D:5      | Reached XP level 8. HP: 47/67 MP: 14/14
  3861 | D:5      | Found a hazy altar of Hepliaklqana.
  4755 | D:5      | Reached XP level 9. HP: 42/72 MP: 16/16
  4875 | D:5      | HP: 3/73 [poisoned by a gnoll]
  4876 | D:5      | HP: 1/73 [poisoned by a gnoll]
  4876 | D:5      | Slain by a gnoll

Illustrated notes

Levels and vault maps discovered:
D:1:      onia_arrival_mini_spirals, layout_loops_ring, serial_shops,
          nicolae_shop_hallway_stairs, hellmonk_ecumenical_altar_blasted,
          minmay_pentomino_t2
D:2:      layout_basic
D:3:      layout_rooms
D:4:      layout_basic, lemuel_crystal_altar, mainiacjoe_overflow_24_doors,
          minmay_quadrilaterals
D:5:      lemuel_castle_with_subvaults [lemuel_castle_interior_carwin_1],
          layout_loops_ring, nicolae_hepliaklqana_monster_ancestors,
          nicolae_ossuary_entry_catacombs

Skill      XL: |  1  2  3  4  5  6  7  8 |
---------------+-------------------------+-----
Invocations    | 1 2 3 4 |  4.2
Short Blades   | 1 2 3 |  3.8
Long Blades    | 1 2 3 |  3.8
Maces & Flails | 1 2 3 |  3.8
Polearms       | 1 2 3 |  3.8
Staves         | 1 2 3 |  3.8
Slings         | 1 2 3 |  3.8
Bows           | 1 2 3 |  3.8
Crossbows      | 1 2 3 |  3.8
Throwing       | 1 2 3 |  3.8
Armour         | 1 2 3 |  3.8
Dodging        | 1 2 3 |  3.8
Stealth        | 1 2 3 |  3.8
Shields        | 1 2 3 |  3.8
Unarmed Combat | 1 2 3 |  3.8
Spellcasting   | 3 4 |  4.8
Evocations     | 1 2 3 |  3.8
Conjurations   | 1 2 3 |  3.1
Hexes          | 1 2 3 |  3.1
Summonings     | 1 2 3 |  3.1
Necromancy     | 1 2 3 |  3.1
Translocations | 1 2 3 |  3.1
Transmutations | 1 2 3 |  3.1
Ice Magic      | 1 2 3 |  3.1
Air Magic      | 1 2 3 |  3.1
Earth Magic    | 1 2 3 |  3.1
Poison Magic   | 1 2 3 |  3.1
Fighting       | 7 |  7.6
Axes           | 7 |  7.6
Fire Magic     | 6 |  6.3

Action                   |  1- 3 |  4- 6 |  7- 9 || total
-------------------------+-------+-------+-------++-------
Melee: Hand axe          |    79 |   103 |   345 ||   527
       Bite              |     8 |     7 |    25 ||    40
       Punch             |     1 |     3 |     4 ||     8
Invok: Fiery Armour      |     2 |     2 |     4 ||     8
       Foxfire Swarm     |       |       |     4 ||     4
Evoke: Wand              |       |       |     1 ||     1
  Use: Scroll            |       |     4 |     3 ||     7
       Potion            |       |       |     3 ||     3
 Stab: Sleeping          |       |     1 |     6 ||     7
Armor: Robe              |    19 |    58 |   107 ||   184
Dodge: Dodged            |    39 |    66 |   206 ||   311

Table legend: (Time is in decaauts)
 A = Elapsed time spent in this place.
 B = Non-inter-level travel time spent in this place.
 C = Inter-level travel time spent in this place.
 D = Time resting spent in this place.
 E = Time spent auto-exploring this place.
 F = Levels seen in this place.
 G = Mean time per level.
                   A        B        C        D        E       F      G
               +--------+--------+--------+--------+--------+-----+--------+
         Total |   4860 |   4756 |    104 |    440 |   2754 |   5 |  972.0 |
       Dungeon |   4860 |   4756 |    104 |    440 |   2754 |   5 |  972.0 |
               +--------+--------+--------+--------+--------+-----+--------+

Top non-repeatable levels by time:
     D:5: 1368 daAuts
     D:1: 1365 daAuts
     D:4: 995 daAuts
     D:3: 589 daAuts
     D:2: 542 daAuts
